 Dungeon Crawl Stone Soup version 0.21.1-1-g345015f (webtiles) character file.

109 Fang the Skirmisher (level 4, -4/43 HPs)
             Began as a Gargoyle Berserker on May 21, 2018.
             Was a Believer of Trog.
             Slain by Pikel
             ... wielding a +0 whip of flaming
              (5 damage)
             ... on level 3 of the Dungeon.
             The game lasted 00:03:26 (3044 turns).

Fang the Skirmisher (Gargoyle Berserker)            Turns: 3044, Time: 00:03:26

Health: -4/43      AC:  6    Str: 26    XL:     4   Next: 89%
Magic:  4/4        EV: 13    Int:  8    God:    Trog [**....]
Gold:   151        SH:  2    Dex:  9    Spells: 3/3 levels left

rFire    x . .     SeeInvis .   a - +0 hand axe
rCold    + . .     Gourm    .   (no shield)
rNeg     + . .     Faith    .   y - +0 robe (curse)
rPois    ∞         Spirit   .   n - +0 helmet
rElec    +         Reflect  +   (no cloak)
rCorr    .         Harm     .   (no gloves)
MR       .....                  (no boots)
Stlth    ..........             s - +2 amulet of reflection
HPRegen  0.14/turn              e - ring of ice
MPRegen  0.09/turn              x - +1 ring of evasion

@: berserking, very quick
A: negative energy resistance 1, electricity resistance, unbreathing,
petrification resistance, rot immunity, AC +3
a: Berserk, Trog's Hand, Burn Spellbooks, Renounce Religion


You were on level 3 of the Dungeon.
You worshipped Trog.
Trog was pleased with you.
You were near starving.

You visited 1 branch of the dungeon, and saw 4 of its levels.

You collected 151 gold pieces.

Inventory:

Hand Weapons
 a - a +0 hand axe (weapon)
Missiles
 w - 4 javelins (quivered)
Armour
 b - a +0 animal skin
 n - a +0 helmet (worn)
 y - a cursed +0 robe (worn)
Jewellery
 e - a ring of ice (left hand)
 s - a +2 amulet of reflection (around neck)
 x - a +1 ring of evasion (right hand)
Wands
 z - a wand of digging (12)
Scrolls
 d - a scroll of enchant weapon {unknown}
 h - 2 scrolls of teleportation {unknown}
 j - a scroll of remove curse {unknown}
 k - a scroll of fear {unknown}
 m - 3 scrolls of fog {unknown}
 p - a scroll of magic mapping {unknown}
 q - 5 scrolls of identify {unknown}
 r - a scroll of blinking {unknown}
 t - a scroll of amnesia {unknown}
Potions
 f - 2 potions of curing {unknown}
 g - a potion of flight {unknown}
 i - a potion of invisibility {unknown}
 l - a potion of haste {unknown}
 o - a potion of resistance {unknown}
 u - a potion of lignification {unknown}
 v - a potion of agility {unknown}
Comestibles
 c - 5 rations


   Skills:
 + Level 4.1 Fighting
 + Level 3.7 Axes
 + Level 2.3 Armour
 + Level 2.2 Dodging
 + Level 1.2 Stealth


You had 3 spell levels left.
You didn't know any spells.

Dungeon Overview and Level Annotations

Branches:
Dungeon (4/15)
 Temple: D:4-7

Altars:
Elyvilon
The Shining One

Annotations:
D:3 Pikel


Innate Abilities, Weirdness & Mutations

You are resistant to torment.
Your stone body is resilient. (AC +3)
You are immune to poison.
You resist negative energy. (rN+)
You are resistant to electric shocks. (rElec)
You can survive without breathing.
You are immune to petrification.
You are immune to rotting.


Message History

You hit Pikel.
Pikel is lightly wounded.
You barely miss the slave. You hit the slave.
Pikel hits you with a whip of flaming.
* * * LOW HITPOINT WARNING * * *
Pikel burns you.
* * * LOW HITPOINT WARNING * * *
The slave hits you.
* * * LOW HITPOINT WARNING * * *
An orc wizard comes into view. It is wielding a dagger.
Unknown command.
You climb upwards.
You feel a strong urge to attack something.
There is a stone staircase leading down here.
Unknown command.
You slash the slave!
The slave is moderately wounded.
You barely miss the slave. You hit the slave. You hit Pikel.
Pikel hits you with a whip of flaming.
You die...

#.##.#.#####)....#
#.##.##
#.##.............#
#....##
#.##........##.###
#....##
#......#.......###
#...###
####..##.#....(.^#
#..#### #.....#.......#
#......
#..(.....####.######.####
#......p.K...........###.
#.......@####..######....
### ###....pp......#
#.... ..# #.###........#
#.... #.######
#.####.##.##.# #####.#.
.......# #............#
#....... #.####.#
#########.#### #.#.....
#.# #.# #...# #.#.#.#.
..####.##### #...#
#.#..#.. ####.......#
#...# #.#.#...


You could see Pikel and 3 slaves.

Vanquished Creatures
  4 adders
  A worm (D:2)
  10 dart slugs
  2 leopard geckos
  3 giant cockroaches
  3 goblins (D:2)
  3 hobgoblins (D:1)
  4 jackals (D:3)
  2 ball pythons
  8 bats
  2 frilled lizards
  2 kobolds
  6 rats
50 creatures vanquished.

Notes
Turn   | Place    | Note
-------+----------+-------------------------------------------
     0 | D:1      | Fang the Gargoyle Berserker began the quest for the Orb.
     0 | D:1      | Reached XP level 1. HP: 14/14 MP: 1/1
    64 | D:1      | Reached XP level 2. HP: 6/20 MP: 2/2
  1003 | D:2      | Reached XP level 3. HP: 3/24 MP: 3/3
  1337 | D:2      | Reached skill level 4 in Fighting
  1564 | D:2      | Found a glowing golden altar of the Shining One.
  1858 | D:2      | Reached skill level 1 in Stealth
  1858 | D:2      | Reached XP level 4. HP: 20/29 MP: 4/4
  1909 | D:2      | Reached ** piety under Trog
  2715 | D:3      | Found a white marble altar of Elyvilon.
  3036 | D:4      | Noticed Pikel
  3036 | D:4      | Noticed a slave
  3036 | D:4      | Noticed a slave
  3036 | D:4      | Noticed a slave
  3036 | D:4      | Noticed a slave
  3041 | D:4      | HP: 1/43 [slave[Pikel] (2)]
  3044 | D:3      | Slain by Pikel

Skill      XL: |  1  2  3 |
---------------+----------+-----
Axes           | 3 |  3.7
Fighting       | 4 |  4.1
Dodging        | 2 |  2.2
Stealth        | 1 |  1.2
Armour         | |  2.3

Action                   |  1- 3 |  4- 6 || total
-------------------------+-------+-------++-------
Melee: Hand axe          |   102 |    78 ||   180
Invok: Berserk           |     2 |     1 ||     3
 Stab: Sleeping          |     1 |       ||     1
  Eat: Chunk             |     4 |     4 ||     8
Armor: Animal skin       |    45 |    42 ||    87
       Robe              |       |     9 ||     9
Dodge: Dodged            |    79 |    78 ||   157
